 Dungeon Crawl Stone Soup version 0.28-a0-991-g956f0ee3d5 (webtiles) character file.

Game seed: 16948010289721216530

63 GregHouse the Chopper (level 4, -1/40 HPs)
             Began as a Hill Orc Monk on Dec 5, 2021.
             Slain by Terence (6 damage)
             ... on level 3 of the Dungeon.
             The game lasted 00:05:46 (2441 turns).

GregHouse the Chopper (Hill Orc Monk)               Turns: 2441, Time: 00:05:47

Health: -1/40      AC:  4    Str: 15    XL:     4   Next: 9%
Magic:  4/4        EV: 16    Int: 10    God:
Gold:   102        SH:  0    Dex: 13    Spells: 3/3 levels left

rFire   . . .      SeeInvis .   a - +0 hand axe
rCold   . . .      Faith    .   (no shield)
rNeg    . . .      Spirit   .   i - +0 leather armour
rPois   .          Reflect  .   (no helmet)
rElec   .          Harm     .   j - +0 cloak
rCorr   .          Rampage  .   (no gloves)
Will    .....                   (no boots)
Stlth   ++........              (no amulet)
HPRegen 0.13/turn               g - +4 ring of evasion
MPRegen 0.09/turn               (no ring)

@: no status effects
A: no striking features
a: no special abilities


You were on level 3 of the Dungeon.
You visited 1 branch of the dungeon, and saw 3 of its levels.

You collected 102 gold pieces.

Inventory:

Hand Weapons
 a - a +0 hand axe (weapon)
Missiles
 f - 41 stones (quivered)
Armour
 i - a +0 leather armour (worn)
 j - a +0 cloak (worn)
Magical Staves
 d - a staff of death
Jewellery
 b - a +6 ring of intelligence
 g - a +4 ring of evasion (left hand)
Scrolls
 h - a scroll of fog {unknown}
Potions
 c - a potion of attraction {unknown}
 e - a potion of curing {unknown}
 k - a potion of invisibility {unknown}


   Skills:
 + Level 4.1 Fighting
 + Level 5.0 Axes
 + Level 0.8 Armour
 + Level 2.9 Dodging
 + Level 1.8 Stealth


You had 3 spell levels left.
You didn't know any spells.
Your spell library contained the following spells:

 Spells                   Type           Power      Damage    Failure   Level
 Blink                    Tloc           0%         N/A       56%         2
 Manifold Assault         Tloc           0%         N/A       100%        5
 Storm Form               Tmut/Air       0%         N/A       100%        7


Dungeon Overview and Level Annotations

Branches:
Dungeon (3/15)

Altars:

Annotations:
D:3 Terence


Message History

Terence is heavily wounded.
Terence barely misses you.
You barely miss Terence.
Terence is heavily wounded.
Terence barely misses you.
You hit Terence.
Terence is severely wounded.
Terence barely misses you. Terence closely misses you.
You hit Terence but do no damage.
Terence is heavily wounded.
Terence hits you with a +0 short sword.
* * * LOW HITPOINT WARNING * * *
You hit Terence but do no damage.
Terence is heavily wounded.
Terence barely misses you.
You hit Terence.
Terence is severely wounded.
Terence closely misses you.
You hit Terence but do no damage.
Terence is severely wounded.
Terence barely misses you.
You closely miss Terence.
Terence is severely wounded.
Terence says, "Time to say good-bye..."
Terence closely misses you.
You hit Terence but do no damage.
Terence is severely wounded.
Terence barely misses you.
You hit Terence.
Terence is almost dead.
Terence hits you with a +0 short sword.
* * * LOW HITPOINT WARNING * * *
Your leather armour prevents you from hitting Terence.
Terence is almost dead.
Terence hits you with a +0 short sword.
* * * LOW HITPOINT WARNING * * *
You hit Terence.
Terence is almost dead.
Terence hits you with a +0 short sword.
You die...

### ..# ######
#.# #<...# #.#
####.#####@##
#..<....@.#
#.........#
#...........).
#.........##.#
#..........§
..
#......≈≈≈≈≈≈
.≈
#......§....§§
.
#......≈.§§§.§


You could see Terence.

Vanquished Creatures
  2 adders (D:2)
  4 worms (D:2)
  A dart slug (D:1)
  3 ball pythons
  3 bats (D:2)
  2 endoplasms
  4 giant cockroaches
  4 goblins
  A hobgoblin (D:2)
  2 kobolds (D:2)
  2 quokkas
  2 rats
30 creatures vanquished.

Notes
Turn   | Place    | Note
-------+----------+-------------------------------------------
     0 | D:1      | GregHouse the Hill Orc Monk began the quest for the Orb.
     0 | D:1      | Reached XP level 1. HP: 19/19 MP: 1/1
   385 | D:1      | Found a faded altar of an unknown god.
   523 | D:1      | Reached XP level 2. HP: 26/27 MP: 2/2
   645 | D:1      | You fall into a shaft and drop 1 floor!
  1252 | D:2      | Reached XP level 3. HP: 24/33 MP: 3/3
  2125 | D:2      | Reached skill level 5 in Axes
  2125 | D:2      | Reached XP level 4. HP: 39/40 MP: 4/4
  2412 | D:3      | Noticed Terence
  2441 | D:3      | Slain by Terence

Illustrated notes

Levels and vault maps discovered:
D:1:      heliophobic_arrival_glass_houses, layout_basic,
          dreamdust_ecumenical_altar_statues, minmay_tree_intersection
D:2:      layout_rooms
D:3:      layout_basic, mainiacjoe_overflow_catwalk_spiral, uniq_robin,
          uniq_natasha, uniq_terence

Skill      XL: |  1  2  3 |
---------------+----------+-----
Fighting       | 4 |  4.1
Axes           | 5 |  5.0
Armour         | |  0.8
Dodging        | |  2.9
Stealth        | |  1.8

Action                   |  1- 3 |  4- 6 || total
-------------------------+-------+-------++-------
Melee: Hand axe          |   113 |    49 ||   162
 Stab: Sleeping          |     2 |       ||     2
Armor: Robe              |    12 |       ||    12
       Leather armour    |     9 |     7 ||    16
Dodge: Dodged            |    62 |    32 ||    94

Table legend: (Time is in decaauts)
 A = Elapsed time spent in this place.
 B = Non-inter-level travel time spent in this place.
 C = Inter-level travel time spent in this place.
 D = Time resting spent in this place.
 E = Time spent auto-exploring this place.
 F = Levels seen in this place.
 G = Mean time per level.
                   A        B        C        D        E       F      G
               +--------+--------+--------+--------+--------+-----+--------+
         Total |   2458 |   2352 |    106 |    464 |   1259 |   3 |  819.3 |
       Dungeon |   2458 |   2352 |    106 |    464 |   1259 |   3 |  819.3 |
               +--------+--------+--------+--------+--------+-----+--------+

Top non-repeatable levels by time:
     D:1: 1180 daAuts
     D:2: 1122 daAuts
     D:3: 155 daAuts
